[Event "African Online-ch U20-Open 2021"]
[Site "Online"]
[Date "2021.02.01"]
[Round "7.7"]
[White "Bidi, Abdeljalil"]
[Black "Lion, Pierre"]
[Result "0-1"]
[ECO "B08"]
[WhiteElo "1750"]
[BlackElo "1586"]
[Annotator "NA RC"]
[PlyCount "168"]
[EventDate "2021.02.01"]
[EventType "swiss"]
[EventCountry "NET"]
[SourceTitle "playchess.com"]
[Source "ChessBase"]
[SourceQuality "1"]
[TimeControl "1500+10"]

1. e4 g6 2. d4 Bg7 3. Nf3 d6 4. Nc3 a6 5. Be3 b5 6. a3 Nd7 7. Be2 Bb7 8. O-O Ngf6 9. d5 O-O 10. h3 c6 11. Nh2 Nb6 12. dxc6 Bxc6 13. e5 Nfd5 14. Bxb6 Nxb6 15. exd6 exd6 16. Qd2 d5 17. Bd3 Nc4 18. Bxc4 dxc4 19. Rad1 Qc7 20. Qd6 Qb7 21. Qg3 Rfe8 22. Rfe1 a5 23. Ng4 b4 24. axb4 axb4 25. Nb1 Bxb2 26. Nh6+ Kf8 27. Nd2 Bg7 28. Qd6+ Re7 29. Rxe7 Qxe7 30. Qxc6 Rd8 31. Ng4 c3 32. Ne3 cxd2 33. Kf1 Bc3 34. Ke2 f5 35. g3 g5 36. Qf3 Qe4 37. Qxf5+ Qxf5 38. Nxf5 Re8+ 39. Ne3 Ra8 40. Kf3 Kf7 41. Kg4 Kg6 42. Kf3 h5 43. h4 g4+ 44. Ke2 Rd8 45. Ng2 Re8+ 46. Ne3 Re4 47. Kd3 Rd4+ 48. Ke2 Kf6 49. Rf1 Ke5 50. f4+ gxf3+ 51. Kxf3 Re4 52. Rd1 Rd4 53. Ke2 Ke4 54. Rf1 Rd8 55. Rf4+ Ke5 56. Nc4+ Ke6 57. Rf1 Rd4 58. Ne3 Kd7 59. Rd1 Kc6 60. Nf5 Re4+ 61. Ne3 Kb5 62. Kf3 Re8 63. Rb1 Ka4 64. Kf2 Ka3 65. Nd1 Ka2 66. Nxc3+ bxc3 67. Rd1 Kb2 68. g4 hxg4 69. Kg3 Kxc2 70. Ra1 d1=Q 71. Rxd1 Kxd1 72. Kxg4 Re4+ 73. Kg3 Rxh4 74. Kxh4 c2 75. Kg5 c1=Q+ 76. Kg6 Qc5 77. Kg7 Qd6 78. Kg8 Qd7 79. Kh8 Ke2 80. Kg8 Kf3 81. Kf8 Kf4 82. Kg8 Kf5 83. Kh8 Kg6 84. Kg8 Qd8# 0-1

[Event "African Online-ch U20-Open 2021"]
[Site "Online"]
[Date "2021.02.01"]
[Round "7.9"]
[White "van der Merwe, Alexander"]
[Black "Joao Farisse"]
[Result "0-1"]
[ECO "C62"]
[WhiteElo "1655"]
[BlackElo "1574"]
[Annotator "NA RC"]
[PlyCount "158"]
[EventDate "2021.02.01"]
[EventType "swiss"]
[EventCountry "NET"]
[SourceTitle "playchess.com"]
[Source "ChessBase"]
[SourceQuality "1"]
[TimeControl "1500+10"]

1. e4 e5 2. Nf3 Nc6 3. Bb5 d6 4. d4 exd4 5. Nxd4 Bd7 6. O-O Nf6 7. Re1 Be7 8. Nc3 O-O 9. Bg5 Nxd4 10. Qxd4 Bxb5 11. Nxb5 Qd7 12. Nc3 h6 13. Bh4 Qg4 14. Bg3 Nh5 15. Nd5 Bd8 16. Re3 f5 17. h3 Qg6 18. exf5 Qxf5 19. Rae1 Nxg3 20. Rxg3 Qf7 21. Re4 Bf6 22. Nxf6+ Qxf6 23. Qe3 Kh8 24. Re6 Qf5 25. c3 Rf6 26. Re7 Rf7 27. a4 Raf8 28. Rxf7 Rxf7 29. b4 b6 30. Rg4 c5 31. Re4 Kh7 32. b5 Qd7 33. Re6 Kg8 34. Qe4 d5 35. Qe5 d4 36. cxd4 Qxd4 37. Qxd4 cxd4 38. Re4 Rd7 39. Kf1 d3 40. Ke1 d2+ 41. Kd1 Kf7 42. Re2 Rd4 43. Rxd2 Rxa4 44. Rd7+ Kf6 45. Ke2 Ra5 46. f4 Rxb5 47. Rxa7 Rb3 48. Kf2 b5 49. Rb7 b4 50. Rb5 g6 51. g3 Rb1 52. Kf3 b3 53. Kg4 h5+ 54. Kh4 b2 55. Rb6+ Kf5 56. Rb8 Kf6 57. Rb5 Ke6 58. Kg5 Rg1 59. Rb6+ Kf7 60. Rxb2 Rxg3+ 61. Kh4 Rg1 62. Rb5 Rf1 63. Kg5 Rg1+ 64. Kh6 Rg3 65. Rg5 Rxh3 66. Rxg6 Rh1 67. Ra6 h4 68. Kg5 h3 69. Rh6 Kg7 70. Ra6 Rg1+ 71. Kf5 h2 72. Ra7+ Kf8 73. Kf6 Ke8 74. Ra8+ Kd7 75. Ra7+ Kc6 76. f5 h1=Q 77. Ke6 Qd5+ 78. Kf6 Qd4+ 79. Kf7 Qxa7+ 0-1

[Event "African Online-ch U20-Open 2021"]
[Site "Online"]
[Date "2021.02.01"]
[Round "7.10"]
[White "Ben Abbes, Ayoub"]
[Black "Sparg, Nathan"]
[Result "0-1"]
[ECO "C02"]
[WhiteElo "1481"]
[BlackElo "1413"]
[Annotator "NA RC"]
[PlyCount "88"]
[EventDate "2021.02.01"]
[EventType "swiss"]
[EventCountry "NET"]
[SourceTitle "playchess.com"]
[Source "ChessBase"]
[SourceQuality "1"]
[TimeControl "1500+10"]

1. e4 e6 2. d4 d5 3. e5 c5 4. c3 Nc6 5. Nf3 Qb6 6. Qb3 Nge7 7. Qxb6 axb6 8. Na3 cxd4 9. Nb5 Rb8 10. Nd6+ Kd7 11. cxd4 f6 12. Be3 Ng6 13. Bd3 fxe5 14. Bxg6 Bxd6 15. dxe5 Bb4+ 16. Ke2 hxg6 17. Bxb6 Rh5 18. a3 Be7 19. Rac1 Ra8 20. g4 Rh3 21. Rc3 Ra6 22. Be3 b5 23. Rhc1 Bb7 24. b4 Bd8 25. Bf4 Bb6 26. Bg3 Ra8 27. Ng1 Rhh8 28. Rf3 Nd4+ 29. Kd3 Nxf3 30. Nxf3 Rhf8 31. Ke2 Rac8 32. Rd1 Rc3 33. Nh4 Rxa3 34. Nxg6 Ra2+ 35. Kf1 Rf3 36. Kg2 Rb3 37. Bh4 d4+ 38. Kg1 Bd5 39. Nf8+ Ke8 40. Ng6 Rab2 41. h3 Rb1 42. Rxb1 Rxb1+ 43. Kh2 d3 44. Bg5 Bxf2 0-1

[Event "African Online-ch U20-Open 2021"]
[Site "Online"]
[Date "2021.02.01"]
[Round "7.11"]
[White "Shah, Darshan Samir"]
[Black "Selogelo Othata"]
[Result "1-0"]
[ECO "E62"]
[WhiteElo "1502"]
[BlackElo "1725"]
[Annotator "NA RC"]
[PlyCount "77"]
[EventDate "2021.02.01"]
[EventType "swiss"]
[EventCountry "NET"]
[SourceTitle "playchess.com"]
[Source "ChessBase"]
[SourceQuality "1"]
[TimeControl "1500+10"]

1. Nf3 Nf6 2. d4 g6 3. c4 Bg7 4. Nc3 O-O 5. g3 d6 6. Bg2 c6 7. O-O a6 8. e4 Qc7 9. Bf4 Nh5 10. Be3 e5 11. dxe5 dxe5 12. Bc5 Rd8 13. Qb3 Nd7 14. Be7 Re8 15. Qa3 Nb6 16. Bd6 Qd7 17. b3 Qe6 18. c5 Nd7 19. Rad1 h6 20. Qb2 b6 21. cxb6 Nxb6 22. Bc5 Nd7 23. Rd6 Qe7 24. Ba3 c5 25. Rfd1 Bf8 26. R6d3 Qe6 27. Nd5 Qc6 28. Qc1 Nhf6 29. Nxf6+ Nxf6 30. Bb2 Qc7 31. Bxe5 Rxe5 32. Nxe5 Qxe5 33. f4 Qh5 34. e5 Ng4 35. h3 c4 36. Rd8 Rb8 37. Qa3 Be6 38. Qxf8+ Kh7 39. Qg8# 1-0

[Event "African Online-ch U20-Open 2021"]
[Site "Online"]
[Date "2021.02.01"]
[Round "7.13"]
[White "Palmer, Reegan"]
[Black "Mena, Martin"]
[Result "0-1"]
[ECO "A36"]
[WhiteElo "1325"]
[BlackElo "1776"]
[Annotator "NA RC"]
[PlyCount "40"]
[EventDate "2021.02.01"]
[EventType "swiss"]
[EventCountry "NET"]
[SourceTitle "playchess.com"]
[Source "ChessBase"]
[SourceQuality "1"]
[TimeControl "1500+10"]

1. e4 c5 2. c4 Nc6 3. Nc3 g6 4. g3 Bg7 5. Bg2 e6 6. Nge2 Nge7 7. d3 O-O 8. O-O a6 9. Be3 Nd4 10. f4 Rb8 11. e5 Nef5 12. Bxd4 cxd4 13. Ne4 d5 14. exd6 Ne3 15. Qb3 Nxf1 16. Rxf1 f5 17. d7 Qxd7 18. Nc5 Qd6 19. Na4 b5 20. c5 bxa4 0-1

[Event "African Online-ch U20-Open 2021"]
[Site "Online"]
[Date "2021.02.01"]
[Round "7.14"]
[White "Potgieter, Edward"]
[Black "George Samir, David"]
[Result "0-1"]
[ECO "B56"]
[WhiteElo "1229"]
[BlackElo "1775"]
[Annotator "NA RC"]
[PlyCount "132"]
[EventDate "2021.02.01"]
[EventType "swiss"]
[EventCountry "NET"]
[SourceTitle "playchess.com"]
[Source "ChessBase"]
[SourceQuality "1"]
[TimeControl "1500+10"]

1. e4 c5 2. Nf3 d6 3. d4 cxd4 4. Nxd4 Nf6 5. Nc3 Nc6 6. Be3 Ng4 7. Bb5 Nxe3 8. fxe3 Bd7 9. O-O e6 10. Qf3 Ne5 11. Bxd7+ Qxd7 12. Qe2 Be7 13. Nf3 Bf6 14. Nxe5 Bxe5 15. Rab1 O-O 16. Rfd1 a6 17. Rd3 Qc7 18. g3 Rac8 19. Qd2 b5 20. a3 Qb6 21. Ne2 Qc6 22. Nc3 Qc5 23. Rd1 b4 24. axb4 Qxb4 25. Rb1 Rb8 26. Qc1 Rfc8 27. Ra1 a5 28. Ra4 Qxb2 29. Qxb2 Rxb2 30. Rxa5 h6 31. Nd1 Rbxc2 32. Raa3 Re2 33. Kf1 Rxh2 34. Kg1 Rcc2 35. Ra8+ Kh7 36. Nf2 Rhxf2 37. Rd1 Rg2+ 38. Kf1 Rcf2+ 39. Ke1 Bc3+ 40. Rd2 Bxd2+ 41. Kd1 Bxe3 42. Ke1 d5 43. e5 d4 44. g4 d3 45. g5 d2+ 46. Kd1 Rg1+ 47. Kc2 d1=Q+ 48. Kc3 Bxg5 49. Kb4 Bf4 50. Kc5 Qd5+ 51. Kb4 Qxa8 52. Kb3 Bxe5 53. Kb4 g5 54. Kb5 g4 55. Kb4 g3 56. Kb5 g2 57. Kb4 Rb1+ 58. Kc5 g1=Q 59. Kc4 Rc2+ 60. Kd3 Qd5+ 61. Kxc2 Qb3+ 62. Kd2 Bf4+ 63. Ke2 Qg4+ 64. Kf2 Rb2+ 65. Kf1 Qc4+ 66. Ke1 Bg3# 0-1

[Event "African Online-ch U20-Open 2021"]
[Site "Online"]
[Date "2021.02.01"]
[Round "7.15"]
[White "Ofile Masilo"]
[Black "Darius Patlo Banda"]
[Result "1-0"]
[ECO "D07"]
[WhiteElo "1457"]
[BlackElo "1369"]
[Annotator "NA RC"]
[PlyCount "49"]
[EventDate "2021.02.01"]
[EventType "swiss"]
[EventCountry "NET"]
[SourceTitle "playchess.com"]
[Source "ChessBase"]
[SourceQuality "1"]
[TimeControl "1500+10"]

1. d4 d5 2. c4 Nc6 3. Nf3 Nf6 4. cxd5 Qxd5 5. Nc3 Qd8 6. d5 Nb4 7. Qa4+ Nc6 8. dxc6 bxc6 9. Qxc6+ Bd7 10. Qc4 e6 11. Bf4 c6 12. Rd1 Nd5 13. Bg3 Bb4 14. e4 Bxc3+ 15. bxc3 Nb6 16. Qb4 a5 17. Qa3 Qc8 18. Bh4 f6 19. e5 Nd5 20. exf6 gxf6 21. Rxd5 exd5 22. Bxf6 c5 23. Bxh8 Bg4 24. Qa4+ Kf7 25. Ne5+ 1-0

[Event "African Online-ch U20-Open 2021"]
[Site "Online"]
[Date "2021.02.01"]
[Round "7.16"]
[White "Dutt Dakshesh"]
[Black "Pungo, Honorato"]
[Result "0-1"]
[ECO "D02"]
[WhiteElo "1549"]
[BlackElo "1550"]
[Annotator "NA RC"]
[PlyCount "162"]
[EventDate "2021.02.01"]
[EventType "swiss"]
[EventCountry "NET"]
[SourceTitle "playchess.com"]
[Source "ChessBase"]
[SourceQuality "1"]
[TimeControl "1500+10"]

1. d4 d5 2. Bf4 e6 3. e3 Nf6 4. Bd3 Nbd7 5. Nf3 c5 6. c3 c4 7. Bc2 b5 8. Nbd2 Be7 9. O-O O-O 10. Ne5 Nxe5 11. Bxe5 Nd7 12. Bg3 a5 13. b3 Nb6 14. Nf3 Ba6 15. Ne5 Rc8 16. Qd2 cxb3 17. axb3 b4 18. c4 dxc4 19. bxc4 Nxc4 20. Nxc4 Bxc4 21. Rfc1 b3 22. Bd1 Bb4 23. Qb2 Qd5 24. Bf3 Qb5 25. Bd1 a4 26. Rab1 a3 27. Qa1 b2 28. Rxb2 axb2 29. Qxb2 Be7 30. Qd2 Bb4 31. Qb2 Ra8 32. Rb1 Bd3 33. Bc2 Bxc2 34. Qxc2 Qa4 35. Qb2 Be7 36. Qe2 Qa2 37. Qd1 Rac8 38. h3 Qc2 39. Qe1 h5 40. Rd1 h4 41. Bh2 Ba3 42. g3 Qxd1 43. Qxd1 Rc1 44. Qxc1 Bxc1 45. gxh4 f6 46. Kg2 Kf7 47. Kf3 Rh8 48. Bg3 Ba3 49. Kg4 f5+ 50. Kf4 Bd6+ 51. Kf3 Bxg3 52. fxg3 Kf6 53. Kf4 Ra8 54. g4 Ra1 55. g5+ Ke7 56. h5 Rb1 57. h6 gxh6 58. gxh6 Kf6 59. h4 Rb7 60. e4 fxe4 61. Kxe4 Rh7 62. Kf4 Rxh6 63. Kg4 Rh8 64. Kf4 Rxh4+ 65. Ke3 Kf5 66. Kd3 Rh3+ 67. Kc4 Ke4 68. Kc5 Rc3+ 69. Kd6 Kxd4 70. Kxe6 Rc5 71. Kd6 Rd5+ 72. Ke6 Ke4 73. Kf6 Re5 74. Kg6 Kf4 75. Kf6 Ke4 76. Kg6 Rf5 77. Kg7 Ke5 78. Kg6 Ke6 79. Kg7 Rf6 80. Kh7 Kf7 81. Kh8 Rh6# 0-1

[Event "African Online-ch U20-Open 2021"]
[Site "Online"]
[Date "2021.02.01"]
[Round "7.17"]
[White "Mcligeyo, Robert"]
[Black "Karania, Hardiv"]
[Result "1-0"]
[ECO "C41"]
[WhiteElo "1688"]
[BlackElo "1317"]
[Annotator "NA RC"]
[PlyCount "75"]
[EventDate "2021.02.01"]
[EventType "swiss"]
[EventCountry "NET"]
[SourceTitle "playchess.com"]
[Source "ChessBase"]
[SourceQuality "1"]
[TimeControl "1500+10"]

1. e4 e5 2. Nf3 d6 3. d4 Nd7 4. Bc4 h6 5. Nc3 Ngf6 6. Be3 Be7 7. O-O O-O 8. Qd2 a6 9. a4 c6 10. Rfe1 Ng4 11. h3 Nxe3 12. Qxe3 b5 13. axb5 cxb5 14. Bxb5 Bb7 15. Bc4 Qc7 16. Bb3 Nb6 17. Qe2 Rac8 18. Rad1 Kh8 19. dxe5 dxe5 20. Nd5 Nxd5 21. exd5 Bd6 22. Nxe5 Rce8 23. f4 f6 24. Ng6+ Kg8 25. Qg4 Rxe1+ 26. Rxe1 Rd8 27. Kh1 Bc8 28. Qf3 Bf5 29. Nh4 Bxc2 30. Rc1 Qa5 31. Bxc2 Qd2 32. Qd1 Qxf4 33. Nf3 Re8 34. Qd2 Qg3 35. Re1 Rb8 36. Qe2 Kf8 37. Bh7 Bb4 38. Qe6 1-0

[Event "African Online-ch U20-Open 2021"]
[Site "Online"]
[Date "2021.02.01"]
[Round "7.19"]
[White "Meise, Keagen"]
[Black "Soojay, Jorah"]
[Result "1-0"]
[ECO "D20"]
[WhiteElo "1200"]
[BlackElo "1478"]
[Annotator "NA RC"]
[PlyCount "105"]
[EventDate "2021.02.01"]
[EventType "swiss"]
[EventCountry "NET"]
[SourceTitle "playchess.com"]
[Source "ChessBase"]
[SourceQuality "1"]
[TimeControl "1500+10"]

1. d4 d5 2. c4 dxc4 3. e3 Nf6 4. Bxc4 c6 5. h3 Bf5 6. Qb3 e6 7. Qxb7 Nbd7 8. Nf3 Be4 9. Nbd2 Bd5 10. Bxd5 cxd5 11. O-O Nb6 12. Ne5 Be7 13. Nc6 Qd7 14. Qxd7+ Kxd7 15. Nxe7 Kxe7 16. b3 Rhc8 17. Ba3+ Kd7 18. Rac1 h6 19. Nf3 Ne4 20. Bc5 f6 21. a4 Ke8 22. a5 Nd7 23. b4 a6 24. Rc2 Rc6 25. Rfc1 Rac8 26. Ne1 e5 27. Nd3 Nexc5 28. Nxc5 e4 29. Kh2 Kf7 30. Kg3 g5 31. Rb2 Nxc5 32. bxc5 f5 33. Rcb1 Kg6 34. Rb6 Kh5 35. Rxc6 Rxc6 36. Rb6 Rc8 37. Rxa6 Rf8 38. Re6 f4+ 39. exf4 gxf4+ 40. Kh2 Kg5 41. a6 f3 42. gxf3 Rxf3 43. Kg2 Kf5 44. a7 Ra3 45. Re7 Kf6 46. Rb7 Ra2 47. c6 e3 48. c7 e2 49. c8=Q e1=Q 50. Qf8+ Kg5 51. Rg7+ Kh5 52. Qf5+ Kh4 53. Rg4# 1-0

[Event "African Online-ch U20-Open 2021"]
[Site "Online"]
[Date "2021.02.01"]
[Round "7.20"]
[White "Belattar, Mohamed Walid"]
[Black "Masaiti, Gideon"]
[Result "0-1"]
[ECO "E01"]
[WhiteElo "1214"]
[BlackElo "1442"]
[Annotator "NA RC"]
[PlyCount "100"]
[EventDate "2021.02.01"]
[EventType "swiss"]
[EventCountry "NET"]
[SourceTitle "playchess.com"]
[Source "ChessBase"]
[SourceQuality "1"]
[TimeControl "1500+10"]

1. d4 e6 2. Nf3 d5 3. g3 Nf6 4. Bg2 c5 5. O-O cxd4 6. Nxd4 Be7 7. c4 Nc6 8. Nxc6 bxc6 9. Nc3 O-O 10. Bf4 Ba6 11. cxd5 cxd5 12. Qa4 Qb6 13. Rfb1 Bc5 14. e3 Bd3 15. b4 Bxb1 16. bxc5 Qb2 17. Rxb1 Qxc3 18. c6 Rfc8 19. c7 Ne8 20. Rb8 Nxc7 21. Rxc8+ Rxc8 22. Qd7 Ne8 23. a4 Qc6 24. Qxc6 Rxc6 25. Bf1 Nc7 26. Bxc7 Rxc7 27. Bb5 Kf8 28. Kf1 Ke7 29. Ke2 Kd6 30. Kd3 Rc1 31. Kd2 Rb1 32. h4 Rxb5 33. axb5 Kc5 34. Kc3 Kxb5 35. Kb3 a5 36. Kc3 a4 37. Kb2 Kb4 38. Kc2 a3 39. Kb1 Kb3 40. Ka1 a2 41. f4 Ka3 42. g4 h6 43. h5 f6 44. g5 fxg5 45. fxg5 hxg5 46. e4 g4 47. h6 gxh6 48. exd5 g3 49. dxe6 g2 50. e7 g1=R# 0-1

[Event "African Online-ch U20-Open 2021"]
[Site "Online"]
[Date "2021.02.01"]
[Round "8.6"]
[White "Vasco Mateus Felizardo Viageir"]
[Black "Bidi, Abdeljalil"]
[Result "1-0"]
[ECO "C56"]
[WhiteElo "1862"]
[BlackElo "1750"]
[Annotator "NA RC"]
[PlyCount "125"]
[EventDate "2021.02.01"]
[EventType "swiss"]
[EventCountry "NET"]
[SourceTitle "playchess.com"]
[Source "ChessBase"]
[SourceQuality "1"]
[TimeControl "1500+10"]

1. e4 e5 2. Nf3 Nc6 3. Bc4 Bc5 4. O-O Nf6 5. c3 O-O 6. d4 exd4 7. cxd4 Bb6 8. e5 d5 9. exf6 dxc4 10. fxg7 Re8 11. d5 Ne5 12. Nxe5 Rxe5 13. Nc3 Ba5 14. f4 Re8 15. Kh1 Qf6 16. Bd2 a6 17. a4 Bf5 18. Qf3 Qd4 19. Be1 Bd3 20. Bf2 Qxg7 21. Rfc1 Bxc3 22. bxc3 Re2 23. Bd4 Qg6 24. Re1 Rae8 25. Rxe2 Rxe2 26. d6 cxd6 27. Qxb7 f6 28. Qd5+ Kg7 29. f5 Qg5 30. Qb7+ Kh6 31. Qf3 d5 32. Kg1 Kg7 33. a5 Qh4 34. Bf2 Qg5 35. Bd4 Qxf5 36. Qg3+ Kf7 37. Qc7+ Re7 38. Qd6 Qe6 39. Qg3 Qe4 40. h4 Qg6 41. Qf4 Be4 42. g4 Bd3 43. g5 f5 44. Bc5 Rd7 45. Qe5 Be4 46. Bd4 Re7 47. Qf6+ Qxf6 48. gxf6 Re8 49. Kf2 Rb8 50. Ke3 Rg8 51. Kf4 Ke6 52. Ra4 Rb8 53. h5 Rb1 54. Kg5 Kf7 55. Kh6 Bf3 56. Kg5 Be2 57. Ra2 Bd3 58. Rg2 Rb7 59. Kh6 Kf8 60. Bc5+ Ke8 61. Rg8+ Kd7 62. Rg7+ Ke6 63. Rxb7 1-0

[Event "African Online-ch U20-Open 2021"]
[Site "Online"]
[Date "2021.02.01"]
[Round "8.7"]
[White "Mena, Martin"]
[Black "Joao Farisse"]
[Result "0-1"]
[ECO "D90"]
[WhiteElo "1776"]
[BlackElo "1574"]
[Annotator "NA RC"]
[PlyCount "64"]
[EventDate "2021.02.01"]
[EventType "swiss"]
[EventCountry "NET"]
[SourceTitle "playchess.com"]
[Source "ChessBase"]
[SourceQuality "1"]
[TimeControl "1500+10"]

1. d4 d5 2. Nf3 Nf6 3. c4 c6 4. Nc3 g6 5. cxd5 cxd5 6. Bf4 Bg7 7. e3 O-O 8. Bd3 Nc6 9. O-O a6 10. Ne5 Nh5 11. Nxc6 bxc6 12. Bg3 Nxg3 13. hxg3 e5 14. dxe5 Bxe5 15. Rc1 Bd7 16. Na4 h5 17. b3 h4 18. gxh4 Qxh4 19. f4 Bc7 20. Qc2 Rae8 21. Qf2 Qh5 22. Nc5 Bc8 23. Bxa6 Bxa6 24. Nxa6 Bb6 25. Rfe1 d4 26. Nb4 dxe3 27. Qe2 Qh4 28. Nxc6 Qf2+ 29. Kh1 Kg7 30. Qxf2 Rh8+ 31. Kg1 exf2+ 32. Kf1 Rh1# 0-1

[Event "African Online-ch U20-Open 2021"]
[Site "Online"]
[Date "2021.02.01"]
[Round "8.8"]
[White "Shah, Darshan Samir"]
[Black "Celso Andre Manjate"]
[Result "1-0"]
[ECO "A48"]
[WhiteElo "1502"]
[BlackElo "1721"]
[Annotator "NA RC"]
[PlyCount "119"]
[EventDate "2021.02.01"]
[EventType "swiss"]
[EventCountry "NET"]
[SourceTitle "playchess.com"]
[Source "ChessBase"]
[SourceQuality "1"]
[TimeControl "1500+10"]

1. Nf3 Nf6 2. d4 g6 3. Bg5 Bg7 4. Nbd2 O-O 5. c3 d6 6. e3 Nc6 7. Bd3 e5 8. Ne4 d5 9. Nxf6+ Bxf6 10. Bxf6 Qxf6 11. dxe5 Nxe5 12. Nxe5 Qxe5 13. Qf3 c6 14. O-O-O a5 15. h4 b5 16. Bc2 b4 17. cxb4 axb4 18. Kb1 Be6 19. h5 c5 20. g4 Ra7 21. Qh3 Rfa8 22. hxg6 fxg6 23. Kc1 Qg7 24. Bb1 c4 25. Rd4 b3 26. axb3 cxb3 27. Qh4 Rc8+ 28. Kd2 Rac7 29. Bd3 Ra7 30. f4 Rf7 31. Rc1 Rxc1 32. Kxc1 Rc7+ 33. Kd2 Rc8 34. f5 gxf5 35. gxf5 Qg2+ 36. Kd1 Qg1+ 37. Ke2 Qg2+ 38. Qf2 Qxf2+ 39. Kxf2 Bf7 40. Rb4 Rc2+ 41. Bxc2 bxc2 42. Rb8+ Kg7 43. Rc8 Kf6 44. Rxc2 Kxf5 45. b4 Be8 46. Rc8 Bd7 47. Rd8 Ke6 48. Rh8 Kd6 49. Rxh7 Bf5 50. Rh6+ Kc7 51. b5 Bd3 52. b6+ Kb7 53. Rd6 Bc4 54. Ke1 Ka6 55. Kd2 Kb7 56. Kc3 Ba2 57. Kd4 Bb3 58. Kc5 Kc8 59. Kc6 Ba4+ 60. Kxd5 1-0

[Event "African Online-ch U20-Open 2021"]
[Site "Online"]
[Date "2021.02.01"]
[Round "8.9"]
[White "Sparg, Nathan"]
[Black "Fourie, Brandon"]
[Result "0-1"]
[ECO "D97"]
[WhiteElo "1413"]
[BlackElo "1583"]
[Annotator "NA RC"]
[PlyCount "66"]
[EventDate "2021.02.01"]
[EventType "swiss"]
[EventCountry "NET"]
[SourceTitle "playchess.com"]
[Source "ChessBase"]
[SourceQuality "1"]
[TimeControl "1500+10"]

1. d4 Nf6 2. c4 g6 3. Nc3 d5 4. Nf3 Bg7 5. Qb3 dxc4 6. Qxc4 O-O 7. e4 Nc6 8. d5 Na5 9. Qa4 c6 10. Bd2 cxd5 11. exd5 Bd7 12. Bb5 Bxb5 13. Qxb5 a6 14. Qd3 b5 15. O-O Nc4 16. b3 Nxd2 17. Qxd2 b4 18. Ne2 Qxd5 19. Qxb4 a5 20. Qd4 Qxd4 21. Nexd4 Nd5 22. Rac1 Rac8 23. Rc2 Rxc2 24. Nxc2 Rc8 25. Ncd4 e5 26. Nb5 Nc3 27. Nxc3 Rxc3 28. Rb1 Rc2 29. a4 e4 30. Ne1 Ra2 31. Kf1 Bd4 32. Kg1 Rxf2 33. Kh1 Rf1# 0-1

[Event "African Online-ch U20-Open 2021"]
[Site "Online"]
[Date "2021.02.01"]
[Round "8.11"]
[White "George Samir, David"]
[Black "Elayeb, Med Yessine"]
[Result "1-0"]
[ECO "B33"]
[WhiteElo "1775"]
[BlackElo "1666"]
[Annotator "NA RC"]
[PlyCount "47"]
[EventDate "2021.02.01"]
[EventType "swiss"]
[EventCountry "NET"]
[SourceTitle "playchess.com"]
[Source "ChessBase"]
[SourceQuality "1"]
[TimeControl "1500+10"]

1. e4 c5 2. Nf3 Nc6 3. d4 cxd4 4. Nxd4 Nf6 5. Nc3 e5 6. Ndb5 d6 7. Bg5 a6 8. Na3 b5 9. Nd5 Be7 10. Bxf6 Bxf6 11. c4 b4 12. Nc2 O-O 13. h4 a5 14. g3 a4 15. Bg2 Be6 16. O-O b3 17. axb3 axb3 18. Rxa8 Qxa8 19. Na1 Qa4 20. c5 Nd4 21. c6 Rb8 22. c7 Rb7 23. Kh1 Bxd5 24. c8=Q+ 1-0

[Event "African Online-ch U20-Open 2021"]
[Site "Online"]
[Date "2021.02.01"]
[Round "8.12"]
[White "Pungo, Honorato"]
[Black "Ben Abbes, Ayoub"]
[Result "0-1"]
[ECO "C54"]
[WhiteElo "1550"]
[BlackElo "1481"]
[Annotator "NA RC"]
[PlyCount "92"]
[EventDate "2021.02.01"]
[EventType "swiss"]
[EventCountry "NET"]
[SourceTitle "playchess.com"]
[Source "ChessBase"]
[SourceQuality "1"]
[TimeControl "1500+10"]

1. e4 e5 2. Nf3 Nc6 3. Bc4 Bc5 4. c3 Nf6 5. d4 exd4 6. cxd4 Bb4+ 7. Bd2 Bxd2+ 8. Nbxd2 d5 9. exd5 Nxd5 10. O-O O-O 11. h3 Nb6 12. d5 Nxd5 13. Ne4 Nb6 14. Bd3 Nb4 15. Bc2 Qxd1 16. Bxd1 Bf5 17. Nc5 Rab8 18. a3 Nd3 19. Nxd3 Bxd3 20. Re1 Rfe8 21. Bb3 Kf8 22. Ne5 Bg6 23. a4 f6 24. Nxg6+ hxg6 25. h4 Rxe1+ 26. Rxe1 Re8 27. Kf1 Rxe1+ 28. Kxe1 a5 29. Kd2 Ke7 30. Kd3 Kd6 31. Kd4 c5+ 32. Ke3 Nd5+ 33. Ke4 f5+ 34. Kf3 Ke5 35. Bxd5 Kxd5 36. Kf4 Kc4 37. Kg5 Kb3 38. Kxg6 Kxb2 39. Kxg7 c4 40. h5 c3 41. h6 c2 42. h7 c1=Q 43. h8=Q Qc3+ 44. Kh7 Qxh8+ 45. Kxh8 Kb3 46. f3 f4 0-1

[Event "African Online-ch U20-Open 2021"]
[Site "Online"]
[Date "2021.02.01"]
[Round "8.13"]
[White "Selogelo Othata"]
[Black "Ofile Masilo"]
[Result "1-0"]
[ECO "B86"]
[WhiteElo "1725"]
[BlackElo "1457"]
[Annotator "NA RC"]
[PlyCount "45"]
[EventDate "2021.02.01"]
[EventType "swiss"]
[EventCountry "NET"]
[SourceTitle "playchess.com"]
[Source "ChessBase"]
[SourceQuality "1"]
[TimeControl "1500+10"]

1. e4 c5 2. Nf3 d6 3. d4 cxd4 4. Nxd4 Nf6 5. Nc3 a6 6. Bc4 e6 7. Bb3 Be7 8. Be3 b5 9. f4 b4 10. Na4 O-O 11. e5 dxe5 12. fxe5 Nd5 13. Bxd5 exd5 14. Qf3 Bb7 15. O-O Nc6 16. Qg3 Nxd4 17. Bxd4 Bh4 18. Qf3 Bc6 19. Nc5 Be7 20. e6 fxe6 21. Qg4 Rxf1+ 22. Rxf1 Bxc5 23. Qxg7# 1-0

[Event "African Online-ch U20-Open 2021"]
[Site "Online"]
[Date "2021.02.01"]
[Round "8.14"]
[White "Mcligeyo, Robert"]
[Black "Machinya Desire"]
[Result "0-1"]
[ECO "B21"]
[WhiteElo "1688"]
[BlackElo "1638"]
[Annotator "NA RC"]
[PlyCount "108"]
[EventDate "2021.02.01"]
[EventType "swiss"]
[EventCountry "NET"]
[SourceTitle "playchess.com"]
[Source "ChessBase"]
[SourceQuality "1"]
[TimeControl "1500+10"]

1. e4 c5 2. d4 cxd4 3. c3 dxc3 4. Nxc3 g6 5. Bc4 Bg7 6. Nf3 e6 7. O-O Ne7 8. Bg5 O-O 9. e5 Nbc6 10. Re1 Qa5 11. Ne4 Kh8 12. Nf6 Ng8 13. Nxd7 Bxd7 14. Qxd7 Nxe5 15. Nxe5 Bxe5 16. Qxb7 Bxh2+ 17. Kxh2 Qxg5 18. Bb3 Nh6 19. Qf3 Rad8 20. Kg1 Nf5 21. Rad1 Kg8 22. Bc2 Nd4 23. Qc3 e5 24. Bb3 Rc8 25. Qe3 Qxe3 26. Rxe3 Nxb3 27. Rxb3 Rc7 28. Rd5 f6 29. Rd6 f5 30. Rbd3 e4 31. Rd2 Re8 32. Rd7 Re7 33. Rxe7 Rxe7 34. Rd8+ Kf7 35. Ra8 Kf6 36. Kf1 Rc7 37. g3 Kg5 38. Kg2 Kg4 39. b4 Rb7 40. a3 h5 41. Rg8 Rb6 42. Rg7 a6 43. Ra7 g5 44. Re7 Rd6 45. a4 Rd4 46. Re6 Rxb4 47. Rxa6 Rb2 48. a5 e3 49. Re6 Rxf2+ 50. Kg1 f4 51. gxf4 gxf4 52. a6 Ra2 53. Rg6+ Kf3 54. Rf6 e2 0-1

[Event "African Online-ch U20-Open 2021"]
[Site "Online"]
[Date "2021.02.01"]
[Round "8.15"]
[White "Darius Patlo Banda"]
[Black "van der Merwe, Alexander"]
[Result "0-1"]
[ECO "A59"]
[WhiteElo "1369"]
[BlackElo "1655"]
[Annotator "NA RC"]
[PlyCount "54"]
[EventDate "2021.02.01"]
[EventType "swiss"]
[EventCountry "NET"]
[SourceTitle "playchess.com"]
[Source "ChessBase"]
[SourceQuality "1"]
[TimeControl "1500+10"]

1. d4 Nf6 2. c4 c5 3. d5 b5 4. cxb5 a6 5. Nc3 axb5 6. Nxb5 Ba6 7. Nc3 g6 8. e4 Bxf1 9. Kxf1 d6 10. Bg5 Bg7 11. Nf3 Nbd7 12. Ke2 O-O 13. Re1 Qa5 14. Kf1 Rfb8 15. Qc2 h6 16. Bd2 Ng4 17. h3 Nge5 18. Nxe5 Nxe5 19. Kg1 Nc4 20. Reb1 Rb7 21. a3 Rab8 22. Bc1 Kh7 23. Kf1 Qb6 24. b4 cxb4 25. Rxb4 Qa6 26. Rxb7 Ne3+ 27. Kg1 Qf1+ 0-1